General information
- name: BNet
- type: Ladder 1vs1/FFA
- host: Battle.net
- saver: ROTS19
map: TidewaterGlades
- players: 2
- length: 33:38
- speed: Fast
- version: 1.26 W3XP
- replay type: Public
» download(103 KB)
Players
team 1 (loser)
Sky[7uP] (
red | 53 APM | 1774 actions | 33:37)
6 Blademaster
2 Wind Walk
3 Critical Strike
1 Bladestorm
3 Shadow Hunter
2 Hex
1 Healing Wave
» actions
| Assign group hotkey | 4 | |
| Basic commands | 18 | |
| Build / train | 138 | |
| Enter build submenu | 41 | |
| Enter hero's abilities submenu | 9 | |
| Give item / drop item | 1 | |
| Remove unit from queue | 3 | |
| Right click | 797 | |
| Select / deselect | 587 | |
| Select group hotkey | 35 | |
| Use ability | 141 | |
1774 total
» units
| Peon | 41 | |
| Furbolg Shaman | 2 | |
| Raider | 12 | |
| Wind Rider | 14 | |
| Troll Batrider | 24 | |
93 total
» upgrades
| Melee Weapons | 2 | |
| Reinforced Defenses | 1 | |
| Liquid Fire | 1 | |
| Ranged Weapons | 3 | |
| Envenomed Spears | 1 | |
| Ensnare | 1 | |
9 total
» buildings
| Altar of Storms | 1 | |
| Orc Burrow | 7 | |
| War Mill | 3 | |
| Voodoo Lounge | 2 | |
| Watch Tower | 19 | |
| Stronghold | 1 | |
| Great Hall | 4 | |
| Fortress | 1 | |
| Beastiary | 4 | |
| Barracks | 1 | |
43 total
» build order
00:09 Altar of Storms
00:21 Orc Burrow
00:58 War Mill
01:18 Voodoo Lounge
02:10 Watch Tower
02:27 Watch Tower
03:42 Stronghold
04:43 Watch Tower
05:02 Watch Tower
05:05 Watch Tower
05:09 Watch Tower
06:02 Great Hall
06:10 Orc Burrow
06:15 Watch Tower
06:17 Watch Tower
06:47 Fortress
07:08 Watch Tower
07:25 Watch Tower
07:45 Watch Tower
08:59 Beastiary
09:02 Beastiary
09:26 Watch Tower
10:03 Beastiary
10:27 Beastiary
11:57 Barracks
12:14 Orc Burrow
14:07 Watch Tower
14:44 Orc Burrow
15:17 Great Hall
17:21 Orc Burrow
17:25 Orc Burrow
17:43 Orc Burrow
21:32 War Mill
21:43 Great Hall
22:17 Watch Tower
28:51 Great Hall
31:23 Watch Tower
31:25 Watch Tower
31:27 Watch Tower
31:30 Watch Tower
31:55 Watch Tower
33:06 War Mill
33:22 Voodoo Lounge
» items
| Circlet of Nobility | 2 | |
| Lesser Clarity Potion | 8 | |
| Healing Salve | 6 | |
| Orb of Lightning | 1 | |
| Scroll of Town Portal | 1 | |
| Tiny Great Hall | 1 | |
19 total
team 2 (winner)

»
ROTS19 (
purple | 81 APM | 2709 actions | 33:38)
6 Demon Hunter
3 Mana Burn
2 Evasion
1 Metamorphosis
6 Naga Sea Witch
3 Frost Arrows
2 Forked Lightning
1 Tornado
5 Pandaren Brewmaster
3 Breath of Fire
2 Drunken Haze
» actions
| Assign group hotkey | 60 | |
| Basic commands | 188 | |
| Build / train | 99 | |
| ESC pressed | 4 | |
| Enter build submenu | 38 | |
| Enter hero's abilities submenu | 20 | |
| Give item / drop item | 3 | |
| Right click | 842 | |
| Select / deselect | 636 | |
| Select group hotkey | 664 | |
| Use ability | 153 | |
2709 total
» units
| Wisp | 34 | |
| Archer | 6 | |
| Huntress | 4 | |
| Druid of the Talon | 8 | |
| Chimaera | 8 | |
60 total
» upgrades
| Ultravision | 1 | |
| Druid of the Talon Training | 2 | |
| Corrosive Breath | 1 | |
| Strength of the Wild | 3 | |
| Well Spring | 1 | |
| Nature's Blessing | 1 | |
| Reinforced Hides | 3 | |
| Mark of the Talon | 1 | |
13 total
» buildings
| Altar of Elders | 1 | |
| Moon Well | 10 | |
| Ancient of War | 1 | |
| Ancient of Wonders | 4 | |
| Hunter's Hall | 1 | |
| Tree of Ages | 1 | |
| Ancient of Wind | 9 | |
| Tree of Eternity | 1 | |
| Chimaera Roost | 2 | |
| Tree of Life | 3 | |
33 total
» build order
00:07 Altar of Elders
00:27 Moon Well
00:30 Ancient of War
01:55 Moon Well
02:19 Ancient of Wonders
02:53 Moon Well
03:47 Hunter's Hall
04:07 Tree of Ages
07:15 Ancient of Wind
07:18 Ancient of Wind
07:20 Tree of Eternity
10:03 Chimaera Roost
10:50 Ancient of Wonders
12:18 Tree of Life
12:30 Moon Well
13:29 Ancient of Wonders
16:03 Ancient of Wind
16:04 Ancient of Wind
16:34 Moon Well
16:36 Moon Well
17:04 Moon Well
17:10 Moon Well
17:21 Ancient of Wind
18:37 Chimaera Roost
20:00 Tree of Life
21:52 Ancient of Wind
24:39 Moon Well
24:45 Moon Well
27:21 Ancient of Wind
27:24 Ancient of Wind
27:33 Ancient of Wind
28:42 Tree of Life
31:32 Ancient of Wonders
» items
| Potion of Healing | 2 | |
| Orb of Venom | 1 | |
| Staff of Preservation | 1 | |
4 total
Chat log
(00:09 / All) ROTS19: hi
(00:12 / All) Sky[7uP]: hi
(11:15 / All) ROTS19: how long has that been there :(
(11:30 / All) Sky[7uP]: long long long die for u
(28:05 / All) ROTS19: gg
(33:29 / All) Sky[7uP]: gg nobo
(33:31 / All) ROTS19: gg
(33:35 / All) Sky[7uP]: u suck